 Dungeon Crawl Stone Soup version 0.22.1-2-g9c5b331383 (webtiles) character file.

53 McIrco the Sneak (level 3, -1/24 HPs)
             Began as a Vampire Enchanter on Jan 5, 2019.
             Slain by a gnoll
             ... wielding a cursed -1 club
              (4 damage)
             ... on level 2 of the Dungeon.
             The game lasted 00:03:35 (3687 turns).

McIrco the Sneak (Vampire Enchanter)                Turns: 3687, Time: 00:03:35

Health: -1/24      AC:  7    Str:  8    XL:     3   Next: 64%
Magic:  1/6        EV: 10    Int: 17    God:
Gold:   101        SH:  0    Dex: 14    Spells: 2/6 levels left

rFire    . . .     SeeInvis +   a - +2 dagger
rCold    + + .     Gourm    .   (no shield)
rNeg     + + +     Faith    .   f - +2 ring mail {MR+}
rPois    ∞         Spirit   .   (no helmet)
rElec    .         Reflect  .   (no cloak)
rCorr    .         Harm     .   (no gloves)
MR       +....                  (no boots)
Stlth    +++++.....             g - amulet of regeneration
HPRegen  0.00/turn              (no ring)
MPRegen  0.10/turn              (no ring)

@: very slightly contaminated, bloodless, non-regenerating
A: fangs 3, see invisible, unbreathing
a: Bat Form


You were on level 2 of the Dungeon.
You were bloodless.

You visited 1 branch of the dungeon, and saw 2 of its levels.

You collected 101 gold pieces.

Inventory:

Hand Weapons
 a - a +2 dagger (weapon)
Armour
 b - a +0 robe
 f - a +2 ring mail of magic resistance (worn)
Jewellery
 g - an amulet of regeneration (around neck)
Scrolls
 e - 2 scrolls of immolation
 h - a scroll of blinking {unknown}
 j - a scroll of fog {unknown}
 l - a scroll of amnesia {unknown}
Potions
 c - 2 potions of lignification {unknown}
 d - 15 potions of blood
 i - a potion of haste {unknown}


   Skills:
 + Level 0.1 Fighting
 + Level 1.1 Short Blades
 + Level 2.5 Dodging
 + Level 6.2 Stealth
 + Level 2.1 Spellcasting
 + Level 4.9 Hexes


You had 2 spell levels left.
You knew the following spells:

 Your Spells              Type           Power        Failure   Level  Hunger
a - Corona                Hex            ###....      8%          1    #......
b - Confuse               Hex            ###.....     24%         3    ###....

Your spell library contained the following spells:

 Spells                   Type           Power        Failure   Level  Hunger
 Ensorcelled Hibernation  Hex/Ice        ##....       32%         2    ###....
 Tukima's Dance           Hex            ###.....     24%         3    ###....
 Dazzling Spray           Conj/Hex       ##....       54%         3    ###....


Dungeon Overview and Level Annotations

Branches:
Dungeon (2/15)

Altars:


Innate Abilities, Weirdness & Mutations

You do not heal naturally.
You are immune to poison.
You have razor-sharp teeth.
You have supernaturally acute eyesight. (SInv)
You can survive without breathing.


Message History

The gnoll closely misses you.
You hit the gnoll.
The gnoll is heavily wounded.
The gnoll hits you with a club.
* * * LOW HITPOINT WARNING * * *
The gnoll barely misses you.
You hit the gnoll.
The gnoll is severely wounded.
The gnoll hits you but does no damage.
You barely miss the gnoll.
The gnoll is severely wounded.
The gnoll hits you from afar with a halberd.
* * * LOW HITPOINT WARNING * * *
You hit the gnoll but do no damage.
The gnoll is severely wounded.
The gnoll hits you but does no damage. The gnoll barely misses you.
There is a stone staircase leading up here.
You can't go down here!
The gnoll hits you with a club.
You die...

######.#####.##### #.#
..............>..####.#########
#...)..# #..#>...............#
#.##.#.####..#.###....#######.#
#.#.........# #..#.##### #.# #
#.#..###..#.###........# #.# #.
#.#...............<###.###.#
#.##<#...##.####.###### #.##.(#
#......#.##.# #@# #.#.#.###
#....#...##.# #g# #..###...
#..#.######.# #g# ###.#.###
#.....#####.# #g# ##.####
...#........# #.# ########.....
...##.####### #g# ..........###
## #.# #.$..########.#### #=#
###.g# #..... #.# ..# #..###


You could see 4 gnolls.

Vanquished Creatures
  2 adders (D:2)
  A leopard gecko (D:2)
  2 giant cockroaches (D:1)
  7 goblins (D:1)
  5 hobgoblins
  2 kobolds
  A quokka (D:2)
  4 bats
  A frilled lizard (D:1)
  7 rats (D:1)
32 creatures vanquished.

Notes
Turn   | Place    | Note
-------+----------+-------------------------------------------
     0 | D:1      | McIrco the Vampire Enchanter began the quest for the Orb.
     0 | D:1      | Reached XP level 1. HP: 13/13 MP: 3/3
  2401 | D:1      | Reached XP level 2. HP: 13/19 MP: 5/5
  2447 | D:1      | Reached skill level 5 in Stealth
  2926 | D:2      | Reached XP level 3. HP: 24/24 MP: 6/6
  3541 | D:2      | Learned a level 3 spell: Confuse
  3629 | D:2      | Reached skill level 6 in Stealth
  3687 | D:2      | Slain by a gnoll

Skill      XL: |  1  2  3 |
---------------+----------+-----
Stealth        | 5 6 |  6.2
Fighting       | |  0.1
Short Blades   | |  1.1
Dodging        | |  2.5
Spellcasting   | |  2.1
Hexes          | |  4.9

Action                   || total
-------------------------++-------
Melee: Dagger            ||    66
       Bite              ||     6
 Cast: Confuse           ||     1
  Use: Scroll            ||     3
       Potion            ||     1
 Stab: Sleeping          ||    26
Armor: Robe              ||     3
       Ring mail         ||     1
Dodge: Dodged            ||    27
